 Dungeon Crawl Stone Soup version 0.28.0-49-g6dfe1f597d (webtiles) character file.

Game seed: 12621748263910615683

630 bnorton916 the Firebug (level 7, 0/36 HPs)
             Began as a Deep Elf Fire Elementalist on May 16, 2022.
             Slain by a gnoll
             ... wielding a +0 spear
              (3 damage)
             ... on level 5 of the Dungeon.
             The game lasted 00:08:27 (4862 turns).

bnorton916 the Firebug (Deep Elf Fire Elementalist) Turns: 4862, Time: 00:08:28

Health: 0/36       AC:  2    Str:  5    XL:     7   Next: 24%
Magic:  1/15       EV: 16    Int: 22    God:
Gold:   112        SH:  0    Dex: 15    Spells: 5/15 levels left

rFire   + . .      SeeInvis .   g - staff of fire
rCold   . . .      Faith    .   (no shield)
rNeg    . . .      Spirit   .   a - +0 robe
rPois   .          Reflect  .   (no helmet)
rElec   .          Harm     .   (no cloak)
rCorr   .          Rampage  .   (no gloves)
Will    .....                   (no boots)
Stlth   ++........              d - amulet of regeneration
HPRegen 0.92/turn               p - +4 ring of evasion
MPRegen 0.14/turn               (no ring)

@: no status effects
A: no striking features
a: no special abilities


You were on level 5 of the Dungeon.
You visited 1 branch of the dungeon, and saw 5 of its levels.

You collected 112 gold pieces.

Inventory:

Hand Weapons
 c - a +2 dagger of speed
 i - a +0 dagger of venom
Missiles
 l - a curare-tipped dart
Armour
 a - a +0 robe (worn)
Magical Staves
 g - a staff of fire (weapon)
Jewellery
 d - an amulet of regeneration (around neck)
 p - a +4 ring of evasion (left hand)
Scrolls
 j - a scroll of brand weapon {unknown}
 n - 2 scrolls of fear {unknown}
Potions
 b - 2 potions of lignification
 e - a potion of curing {unknown}
 f - 2 potions of mutation {unknown}
 h - a potion of attraction
 k - a potion of ambrosia {unknown}
 m - 2 potions of brilliance {unknown}
 o - 2 potions of resistance {unknown}


   Skills:
 - Level 2.4 Dodging
 - Level 2.4 Stealth
 - Level 4.5 Spellcasting
 + Level 5.7 Conjurations
 + Level 6.6 Fire Magic


You had 5 spell levels left.
You knew the following spells:

 Your Spells              Type           Power      Damage    Failure   Level
a - Foxfire               Conj/Fire      100%       2x1d9     1%          1
b - Scorch                Fire           100%       2d10      1%          2
c - Conjure Flame         Conj/Fire      48%        6-21      2%          3
d - Flame Wave            Conj/Fire      48%        2d10      9%          4

Your spell library contained the following spells:

 Spells                   Type           Power      Damage    Failure   Level
 Inner Flame              Hex/Fire       29%        N/A       9%          3


Dungeon Overview and Level Annotations

Branches:
Dungeon (5/15)
 Temple: D:4-7

Altars:
Elyvilon
Uskayaw

Shops:
D:3 [

Annotations:
D:3 Robin
D:4 Eustachio


Message History

A gnoll comes into view. It is wielding a +0 whip.
Casting: Scorch (safe; 1% risk of failure)
Confirm with . or Enter, or press ? or * to list all spells.
You feel a surge of power!
Flames lash the gnoll sergeant.
The gnoll sergeant is severely wounded.
The gnoll sergeant's fire resistance burns away.
The gnoll shouts!
A gnoll comes into view. It is wielding a +0 spear.
The gnoll sergeant completely misses you.
The gnoll sergeant completely misses you.
Casting: Scorch (safe; 1% risk of failure)
Confirm with . or Enter, or press ? or * to list all spells.
You feel a surge of power!
Flames lash the gnoll sergeant.
The gnoll sergeant is burned terribly!
The gnoll sergeant is almost dead.
The gnoll shouts!
The gnoll sergeant barely misses you. The gnoll sergeant barely misses you.
Your magical contamination has completely faded away.
Casting: Scorch (safe; 1% risk of failure)
Confirm with . or Enter, or press ? or * to list all spells.
You feel a surge of power!
Flames lash the gnoll.
The gnoll is lightly wounded.
The gnoll's fire resistance burns away.
The gnoll sergeant hits you from afar with a +2 trident of protection!
The gnoll closely misses you.
The gnoll sergeant hits you from afar with a +2 trident of protection!
* * * LOW HITPOINT WARNING * * *
Unknown command.
Casting: Scorch (safe; 1% risk of failure)
Confirm with . or Enter, or press ? or * to list all spells.
You feel a surge of power!
Flames lash the gnoll sergeant.
The gnoll sergeant is burned terribly!
You kill the gnoll sergeant!
The gnoll hits you from afar with a +0 spear!
* * * LOW HITPOINT WARNING * * *
You feel your dexterity returning.
The gnoll is no longer more vulnerable to fire.
The gnoll hits you from afar with a +0 spear.
You die...

....#.##.....# #...
#..#.##.....# #..#
#....##.....# #..#
#...###.....# #. #..#
#...##......# #.##.##
#.#.##......# #......
#.#gg.......###..#...
...#........>...##..#...
.......g@...####...#.#...
............# ##...#...
............## # #.....
.............#######.....
...............#......#..
........)...##...###.##..
?..[.......####### ####..
.........## ### ..####


You could see 3 gnolls.

Vanquished Creatures
  An ogre (D:4)
  A phantom (D:5)
  A kobold brigand (D:4)
  A gnoll sergeant (D:5)
  A scorpion (D:4)
  A jelly (D:4)
  2 orc wizards
  Natasha (thrice) (D:3)
  6 adders
  7 orcs
  6 bats
  3 endoplasms
  3 giant cockroaches
  6 goblins
  6 hobgoblins
  7 jackals (D:1)
  4 quokkas
  3 ball pythons
  2 frilled lizards (D:1)
  8 kobolds
  A quokka skeleton (D:4)
  3 rats (D:1)
76 creatures vanquished.

Vanquished Creatures (others)
  161 foxfires
161 creatures vanquished.

Grand Total: 237 creatures vanquished

Notes
Turn   | Place    | Note
-------+----------+-------------------------------------------
     0 | D:1      | bnorton916 the Deep Elf Fire Elementalist began the quest
                  | for the Orb.
     0 | D:1      | Reached XP level 1. HP: 10/10 MP: 6/6
    70 | D:1      | Found a faded altar of an unknown god.
   284 | D:1      | Reached XP level 2. HP: 15/15 MP: 6/8
  1249 | D:1      | Reached XP level 3. HP: 19/19 MP: 7/10
  1384 | D:1      | Learned a level 2 spell: Scorch
  1388 | D:1      | Learned a level 3 spell: Conjure Flame
  1710 | D:2      | Reached skill level 4 in Fire Magic
  1841 | D:2      | Reached XP level 4. HP: 24/24 MP: 10/12
  2470 | D:3      | Noticed Natasha
  2739 | D:3      | Killed Natasha
  2888 | D:3      | Learned a level 4 spell: Flame Wave
  2893 | D:3      | Reached XP level 5. HP: 28/28 MP: 7/13
  3072 | D:3      | Noticed Natasha
  3075 | D:3      | Killed Natasha
  3172 | D:3      | Found Hemy's Antique Armour Shop.
  3240 | D:3      | Identified the +0 helmet of Absolutism {rC+ Str+3}
  3240 | D:3      | Noticed Robin
  3351 | D:3      | Noticed Natasha
  3354 | D:3      | Killed Natasha
  3355 | D:3      | Reached skill level 5 in Fire Magic
  3631 | D:4      | Reached XP level 6. HP: 27/32 MP: 9/14
  3732 | D:4      | Found a hide-covered altar of Uskayaw.
  3818 | D:4      | Reached skill level 5 in Conjurations
  3818 | D:4      | Reached skill level 6 in Fire Magic
  4213 | D:4      | Noticed Eustachio
  4627 | D:5      | Entered Level 5 of the Dungeon
  4636 | D:5      | Found a white marble altar of Elyvilon.
  4685 | D:5      | Reached XP level 7. HP: 36/36 MP: 10/15
  4862 | D:5      | Slain by a gnoll

Illustrated notes

Levels and vault maps discovered:
D:1:      minmay_arrival_semitransparent, layout_basic,
          shapermc_ecumenical_altar_ellora
D:2:      layout_rooms
D:3:      layout_loops_ring, serial_shops, nicolae_shop_behind_doors,
          uniq_natasha, uniq_robin
D:4:      layout_loops_cross, nicolae_overflow_crystal_walls, uniq_eustachio
D:5:      layout_rooms, amcnicky_altar_gilded, nicolae_qazlal_scattered_showers,
          lemuel_crystal_altar, minmay_misc_feat_columns

Skill      XL: |  1  2  3  4  5  6 |
---------------+-------------------+-----
Conjurations   | 2 3 4 5 |  5.7
Spellcasting   | 4 |  4.5
Fire Magic     | 4 5 6 |  6.6
Dodging        | |  2.4
Stealth        | |  2.4

Action                   |  1- 3 |  4- 6 |  7- 9 || total
-------------------------+-------+-------+-------++-------
Melee: Staff             |       |     3 |       ||     3
 Cast: Foxfire           |    53 |    55 |     2 ||   110
       Scorch            |       |    32 |     5 ||    37
       Conjure Flame     |       |     1 |     1 ||     2
  Use: Scroll            |       |     5 |       ||     5
Armor: Robe              |     4 |    11 |       ||    15
Dodge: Dodged            |    20 |    37 |     7 ||    64
